Map: Kairos Junction LE

Players

HeroMarine - Winner!

  • Race: Terran Terran
  • Spawn Location: 5:00

SKillous

  • Race: Protoss Protoss
  • League: Master
  • Spawn Location: 11:00

Event: 2019 WCS Winter Europe

VOD

Have the link to the VOD?

Description

Time

  • Played on: Feb. 1, 2019, 9:25 a.m.
  • Length: 10:51

All games in this series

Show
View Real Time Build Order
Export as new Build Order

HeroMarine Terran - Winner!

Build Orders: Reaper Expand 

Get SALT Encoding   

  12  0:01  SCV  
  13  0:13  SCV  
  14  0:16  Supply Depot  
  14  0:25  SCV  
  15  0:38  SCV  
  15  0:39  Barracks  
  16  0:43  Refinery  
  16  0:50  SCV  
  17  1:02  SCV  
  18  1:14  SCV  
  19  1:27  Reaper, Orbital Command  
  20  1:39  Command Center  
  20  1:48  Supply Depot  
  20  1:52  SCV  
  21  1:59  Marine  
  22  2:04  SCV  
  22  2:07  Factory  
  23  2:11  Refinery  
  23  2:16  SCV  
  23  2:21  Barracks Reactor  
  24  2:25  Barracks  
  24  2:28  SCV  
  25  2:40  SCV  
  26  2:50  Factory Tech Lab  
  26  2:51  Orbital Command  
  26  2:52  SCV  
  26  2:57  Marine x2  
  29  3:05  SCV  
  30  3:10  Siege Tank  
  33  3:13  Barracks Tech Lab  
  33  3:15  Marine x2  
  33  3:17  SCV  
  35  3:25  SCV  
  35  3:29  SCV  
  35  3:31  Stimpack  
  35  3:33  Marine  
  35  3:34  Marine x2  
  38  3:37  SCV  
  38  3:41  SCV  
  41  3:42  Engineering Bay, Supply Depot  
  41  3:46  Widow Mine  
  43  3:49  SCV  
  43  3:52  Marine  
  43  3:53  SCV  
  46  4:04  SCV, Marine x2  
  46  4:05  SCV, Supply Depot  
  50  4:11  Terran Infantry Weapons Level 1  
  50  4:13  Barracks  
  50  4:16  SCV  
  51  4:17  SCV  
  52  4:25  Missile Turret  
  52  4:27  Marauder  
  52  4:28  SCV  
  52  4:29  SCV  
  52  4:30  Marine x2  
  58  4:34  Supply Depot  
  58  4:42  Starport, Factory Reactor  
  58  4:45  SCV x2  
  60  4:49  Marine, Refinery  
  60  4:50  Marine  
  62  4:56  Marauder  
  62  4:59  SCV  
  65  5:00  SCV  
  65  5:03  Supply Depot  
  65  5:05  Combat Shield  
  68  5:07  Marauder  
  68  5:11  Marine x2  
  70  5:19  Supply Depot  
  70  5:20  Supply Depot  
  70  5:26  Medivac x2  
  74  5:29  Marauder, Factory Reactor, Marine x2  
  74  5:35  Concussive Shells  
  78  5:41  SCV x2, Marauder  
  82  5:45  Supply Depot  
  82  5:47  Marine x2  
  84  5:50  Marauder  
  84  6:02  Marauder  
  86  6:04  Marine  
  86  6:05  Marine  
  86  6:08  Command Center  
  86  6:09  Terran Infantry Armor Level 1  
  86  6:11  Widow Mine x2  
  92  6:16  Marauder  
  94  6:22  Marine x2  
  94  6:23  SCV x2  
  94  6:24  Marauder  
  97  6:38  Marauder  
  97  6:40  Marine x2  
  97  6:43  Medivac  
  97  6:46  SCV  
  102  6:48  SCV, Medivac  
  102  6:49  Marauder  
  97  6:59  Marauder  
  92  7:07  Marine x2  
  88  7:10  Marauder, Barracks x2  
  88  7:15  Refinery  
  90  7:17  Armory, Widow Mine  
  90  7:20  Widow Mine  
  90  7:21  Marauder, SCV  
  95  7:25  Medivac  
  95  7:31  Marauder  
  95  7:36  SCV x2  
  97  7:42  Marauder  
  85  7:53  Marauder, Marine, SCV x2  
  85  7:54  Marine  
  85  7:58  Orbital Command  
  85  8:00  Barracks Tech Lab  
  85  8:01  Barracks Reactor  
  85  8:03  Marauder  
  85  8:05  SCV  
  88  8:09  Terran Infantry Weapons Level 2  
  88  8:10  Widow Mine  
  88  8:11  SCV, Marine x2, Widow Mine  
  95  8:15  Marine  
  95  8:17  SCV, Missile Turret  
  95  8:18  Marine  
  98  8:21  Medivac  
  98  8:24  Marine  
  98  8:25  Medivac  
  98  8:26  Refinery  
  102  8:28  SCV x2  
  102  8:29  Marine x2  
  102  8:30  SCV  
  106  8:34  Marauder  
  106  8:37  Marine x2  
  106  8:39  Marauder  
  96  8:41  Orbital Command  
  96  8:46  Widow Mine x2  
  96  8:47  Marauder, Marine x2  
  93  8:55  Medivac, Marine x2  
  96  9:01  Marauder, Marine  
  98  9:05  Marine x2  
  98  9:07  Widow Mine  
  98  9:09  Marauder  
  103  9:13  Marauder, Marine  
  98  9:19  Marine  
  98  9:22  Marauder  
  98  9:23  Marine x2  
  88  9:29  Marine  
  88  9:30  Marine  
  83  9:34  Marine  
  83  9:37  Marine  
  71  9:40  SCV x2, Marine  
  71  9:41  SCV, Marine  
  71  9:47  Orbital Command  
  71  9:48  Marine x2  
  71  9:52  SCV x2  
  75  9:53  Widow Mine  
  75  9:56  Widow Mine  
  75  9:58  Marauder  
  81  10:00  Marauder  
  81  10:01  Marine  
  81  10:03  Marine  
  81  10:04  Marine  
  81  10:05  SCV  
  81  10:07  SCV  
  88  10:09  Marine  
  88  10:12  Marauder  
  91  10:16  SCV, Widow Mine  
  91  10:17  SCV  
  91  10:19  SCV  
  98  10:21  Marauder  
  98  10:26  Marine  
  98  10:27  Marine x2  
  98  10:28  SCV  
  98  10:30  SCV  
  98  10:31  SCV  
Show
View Real Time Build Order
Export as new Build Order

SKillous Protoss 

Build Orders: 1 Gate Expand 

Get SALT Encoding   

  12  0:01  Probe  
  13  0:13  Probe  
  14  0:18  Pylon  
  14  0:25  Probe  
  15  0:33  Probe  
  15  0:37  Gateway  
  15  0:41  Probe  
  16  0:46  Assimilator  
  17  0:52  Probe  
  18  1:04  Probe  
  19  1:16  Probe  
  20  1:24  Cybernetics Core  
  20  1:32  Nexus  
  20  1:39  Pylon  
  20  1:42  Probe  
  21  1:48  Assimilator  
  21  1:50  Adept  
  21  1:54  Probe  
  21  2:00  Warp Gate  
  24  2:06  Probe  
  25  2:14  Stalker, Twilight Council  
  25  2:18  Probe  
  28  2:30  Probe  
  29  2:40  Probe  
  29  2:43  Probe  
  30  2:46  Stalker  
  30  2:49  Probe  
  33  2:55  Probe  
  35  2:59  Probe  
  35  3:03  Charge  
  35  3:07  Probe  
  35  3:11  Probe  
  35  3:18  Probe  
  36  3:23  Probe  
  36  3:26  Probe  
  37  3:30  Gateway  
  37  3:32  Gateway  
  38  3:35  Probe x2  
  38  3:40  Robotics Facility  
  38  3:45  Probe  
  38  3:46  Pylon  
  38  3:47  Probe  
  40  3:55  Sentry  
  42  3:57  Probe  
  42  3:59  Probe  
  44  4:02  Assimilator  
  44  4:05  Probe  
  45  4:11  Probe  
  45  4:13  Probe  
  46  4:23  Nexus  
  46  4:24  Pylon  
  47  4:27  Observer  
  48  4:31  Gateway  
  48  4:32  Gateway  
  48  4:34  Gateway  
  48  4:36  Probe  
  48  4:37  Probe  
  50  4:39  Sentry  
  50  4:43  Pylon  
  52  4:46  Blink  
  52  4:48  Probe  
  52  4:49  Observer  
  52  4:51  Probe  
  55  4:58  Probe, Forge  
  55  5:00  Forge  
  55  5:03  Probe  
  55  5:06  Probe  
  57  5:11  Protoss Ground Weapons Level 1  
  57  5:12  Observer  
  59  5:15  Probe  
  59  5:21  Probe  
  60  5:22  Gateway x2  
  60  5:23  Protoss Ground Armor Level 1  
  60  5:27  Probe  
  61  5:33  Observer  
  61  5:35  Probe x2  
  64  5:39  Probe  
  65  5:42  Gateway  
  65  5:43  Gateway  
  65  5:50  Probe x2  
  65  5:53  Immortal  
  65  5:56  Zealot x5  
  81  6:07  Zealot  
  83  6:17  Pylon  
  83  6:18  Pylon  
  83  6:19  Zealot  
  83  6:22  Pylon  
  85  6:36  Zealot x7  
  85  6:41  Zealot x2  
  85  6:45  Sentry  
  72  6:56  Zealot, Warp Prism  
  72  6:57  Zealot x2  
  60  7:11  Stalker x4  
  68  7:16  Zealot x2  
  72  7:23  Zealot x2  
  72  7:24  Zealot  
  72  7:28  Zealot  
  74  7:34  Zealot x2  
  74  7:37  Zealot  
  72  7:38  Sentry  
  72  7:41  Sentry  
  72  7:44  Zealot  
  70  7:46  Zealot  
  64  7:57  Zealot x2  
  64  7:58  Zealot  
  70  7:59  Sentry x2  
  70  8:00  Sentry  
  76  8:18  Stalker x4  
  84  8:20  Sentry  
  84  8:24  Pylon  
  80  8:37  Zealot x2  
  80  8:38  Zealot x2  
  80  8:39  Zealot  
  86  8:46  Zealot x2  
  86  8:56  Sentry x3, Pylon  
  92  9:09  Stalker  
  81  9:20  Zealot x2  
  81  9:23  Zealot x3  
  79  9:30  Observer  
  79  9:31  Zealot x3  
  63  9:43  Zealot  
  63  9:44  Zealot  
  55  9:49  Stalker  
  55  9:50  Stalker x3  
  53  9:55  Sentry  
  53  9:56  Sentry  
  57  10:00  Warp Prism  
  57  10:06  Stalker  
  61  10:10  Zealot  
  61  10:13  Sentry  
  65  10:16  Zealot  
  57  10:28  Zealot  
  57  10:29  Zealot x2  
  57  10:31  Sentry  
  57  10:34  Stalker  
  63  10:42  Zealot  
Tags
 
Add a new tag
Caveats
  • Supply blocks, unpowered buildings, or Contaminate may cause inaccurate times.
  • Supply counts are checked every 10 seconds.